 Dungeon Crawl Stone Soup version 0.16.0 (webtiles) character file.

74 superradish the Sneak (level 4, -5/33 HPs)
             Began as a Human Assassin on Mar 12, 2015.
             Slain by Sigmund
             ... wielding a +0 scythe
              (13 damage)
             ... on level 3 of the Dungeon.
             The game lasted 00:06:10 (1634 turns).

superradish the Sneak (Human Assassin)              Turns: 1634, Time: 00:06:10

Health: -5/33      AC:  3    Str: 11      XL:     4   Next: 54%
Magic:  4/4        EV: 13    Int: 11      God:
Gold:   126        SH:  0    Dex: 14 (16) Spells: 0 memorised, 3 levels left

rFire  . . .     SeeInvis .     a - +2 dagger
rCold  . . .     Clarity  .     c - +0 robe
rNeg   . . .     SustAb   .     (no shield)
rPois  .         Gourm    .     (no helmet)
rElec  .         Spirit   .     d - +0 cloak
rCorr  .         Warding  .     (no gloves)
rMut   .         Stasis   .     (no boots)
MR     .....                    (no amulet)
Stlth  +++.......               (no ring)
                                (no ring)

@: flying, not resistant to hostile enchantments, fairly stealthy
A: no striking features
a: no special abilities


You were on level 3 of the Dungeon.
You were very hungry.

You visited 1 branch of the dungeon, and saw 3 of its levels.

You collected 126 gold pieces.

Inventory:

Hand weapons
 a - a +2 dagger (weapon)
 b - a +0 blowgun
Missiles
 e - 11 poisoned needles
Armour
 c - a +0 robe (worn)
 d - a +0 cloak (worn)
Jewellery
 q - an uncursed ring of protection from cold {unknown}
Magical devices
 t - a wand of confusion (24)
Scrolls
 h - a scroll of noise {unknown}
 j - a scroll of random uselessness {unknown}
 k - 5 scrolls of teleportation {unknown}
 l - 2 scrolls of identify {unknown}
 o - 4 scrolls of remove curse {unknown}
 v - a scroll of amnesia {unknown}
Potions
 i - a potion of cure mutation {unknown}
 m - a potion of heal wounds {unknown}
 n - a potion of flight
 s - a potion of brilliance {unknown}
Books
 u - a book of Fire

   Spells                             Type                      Level
   a - Ignite Poison                  Fire/Transmutation           5
   b - Fireball                       Conjuration/Fire             5
   c - Bolt of Fire                   Conjuration/Fire             6
   d - Delayed Fireball               Conjuration/Fire             7
   e - Ring of Flames                 Charms/Fire                  7
Comestibles
 g - 3 bread rations
 p - a meat ration
 r - 4 fruits


   Skills:
 - Level 2.0 Fighting
 - Level 2.0 Short Blades
 - Level 2.0 Throwing
 * Level 3.1 Dodging
 + Level 4.8 Stealth


You had 3 spell levels left.
You didn't know any spells.

Dungeon Overview and Level Annotations

Branches:
Dungeon (3/15)

Altars:

Annotations:
D:3 Sigmund


Message History

You closely miss Sigmund.
Sigmund is moderately wounded.
Sigmund zaps a wand.
The magic dart hits you!
* * * LOW HITPOINT WARNING * * *
Sigmund casts a spell.
Sigmund flickers and vanishes!
Deactivating autopickup; reactivate with Ctrl-A.
The goblin closely misses you. Something hits you.
* * * LOW HITPOINT WARNING * * *
Drink which item? (? for menu, Esc to quit)
It was a potion of flight.
You feel very buoyant.
You fly up into the air.
The goblin hits you but does no damage.
Drink which item? (? for menu, Esc to quit)
It was a potion of degeneration.
There was something very wrong with that liquid.
You feel clumsy. The goblin hits you but does no damage. Something hits you!
You die...

#......# #......#
#......###.###..######
#..........###.##..... .
#..[.†....##......####
..### #.......#.....(####
#..).###........###)##
#.......#....# #.#
###....######..###.#
#........g@.....#..#
####....######.....#
##.#....######.....########
#?......##......##(........
#?......##.####.#####....##
#.............#..#######..#
#...#..###(##........# ##.#
#...#### ######.##.# #.#
#... #.##.####.#


You could see a goblin.

Vanquished Creatures
  2 adders (D:2)
  A worm (D:2)
  A giant gecko (D:1)
  An ooze (D:2)
  An orc (D:3)
  3 bats
  9 hobgoblins
  3 jackals (D:3)
  10 kobolds
  A quokka (D:2)
  2 ball pythons (D:2)
  A giant cockroach (D:2)
  3 giant newts
  6 goblins
  7 rats
51 creatures vanquished.

Notes
Turn   | Place    | Note
--------------------------------------------------------------
     0 | D:1      | superradish, the Human Assassin, began the quest for the Orb.
     0 | D:1      | Reached XP level 1. HP: 16/16 MP: 1/1
    99 | D:1      | Reached XP level 2. HP: 22/22 MP: 2/2
   575 | D:1      | Reached XP level 3. HP: 24/27 MP: 3/3
  1051 | D:2      | Reached XP level 4. HP: 30/33 MP: 4/4
  1617 | D:3      | Noticed Sigmund
  1634 | D:3      | Slain by Sigmund

Action                   |  1- 3 |  4- 6 || total
-------------------------+-------+-------++-------
Melee: Dagger            |    21 |    24 ||    45
 Fire: Blowgun           |    34 |    11 ||    45
  Use: Potion            |       |     2 ||     2
 Stab: Sleeping          |    18 |     5 ||    23
       Distracted        |     2 |       ||     2
  Eat: Chunk             |       |     1 ||     1
